MWL (24 & UNDER)
LEE'S SUMMIT TIGERS @ CINCINNATI PRIDE
06/19/2023
 
TOP OF THE 1ST
Lee's Summit Tigers batting - Pitching for Cincinnati Pride : RHP Richard Edwards
Pitching: RHP Richard Edwards
Batting: RHB Fernando Díaz 0-0: Foul Ball, location: 2F
0-1: Ball
1-1: Called Strike
1-2: Foul Ball, location: 2F
1-2: Foul Ball, location: 2F
1-2: Strikes out looking
Batting: SHB Javier Peña 0-0: Ball
1-0: Ball
2-0: Called Strike
2-1: Swinging Strike
2-2: Ball
3-2: Strikes out swinging
Batting: RHB Andrés Lara 0-0: Called Strike
0-1: Foul Ball, location: 2F
0-2: Ball
1-2: Strikes out swinging
Top of the 1st over - 0 run(s), 0 hit(s), 0 error(s), 0 left on base; Lee's Summit 0 - Cincinnati 0
BOTTOM OF THE 1ST
Cincinnati Pride batting - Pitching for Lee's Summit Tigers : LHP Anthony Erickson
Pitching: LHP Anthony Erickson
Batting: SHB Nick Marshall 0-0: Called Strike
0-1: Foul Ball, location: 2F
0-2: Ball
1-2: Ball
2-2: Ball
3-2: Strikes out swinging
Batting: RHB Peter Sexton 0-0: Ball
1-0: Ball
2-0: Ball
3-0: Swinging Strike
3-1: Base on Balls
Batting: RHB Fernando Díaz 0-0: Fly out, F8 (Flyball, 8LXD)
Batting: RHB Francisco Rincón 0-0: Called Strike
0-1: Ground out 4-3 (Groundball, 4)
Bottom of the 1st over - 0 run(s), 0 hit(s), 0 error(s), 1 left on base; Lee's Summit 0 - Cincinnati 0
TOP OF THE 2ND
Lee's Summit Tigers batting - Pitching for Cincinnati Pride : RHP Richard Edwards
Batting: SHB Martín Medina 0-0: Foul Ball, location: 2F
0-1: Ball
1-1: Foul Ball, location: 2F
1-2: Strikes out looking
Batting: RHB Ed Watkins 0-0: Ball
1-0: SINGLE (Groundball, 6MD)
Batting: LHB Cipriano Cruz 0-0: Swinging Strike
0-1: Swinging Strike
0-2: Ball
1-2: Foul Ball, location: 2F
1-2: Strikes out swinging
Batting: RHB Carlos Flores 0-0: Called Strike
0-1: Swinging Strike
0-2: Ball
1-2: Strikes out swinging
Top of the 2nd over - 0 run(s), 1 hit(s), 0 error(s), 1 left on base; Lee's Summit 0 - Cincinnati 0
BOTTOM OF THE 2ND
Cincinnati Pride batting - Pitching for Lee's Summit Tigers : LHP Anthony Erickson
Batting: RHB Roberto Chávez 0-0: Swinging Strike
0-1: Foul Ball, location: 2F
0-2: Strikes out swinging
Batting: RHB Jonas Uttley 0-0: Ball
1-0: Ball
2-0: Swinging Strike
2-1: SINGLE (Line Drive, 8RS)
Batting: RHB Richard Case 0-0: Ball
1-0: Ball
2-0: Swinging Strike
Pickoff Throw by Catcher to First - Out!
2-1: Ground out 5-3 (Groundball, 5S)
Bottom of the 2nd over - 0 run(s), 1 hit(s), 0 error(s), 0 left on base; Lee's Summit 0 - Cincinnati 0
TOP OF THE 3RD
Lee's Summit Tigers batting - Pitching for Cincinnati Pride : RHP Richard Edwards
Batting: RHB António Gonzáles 0-0: Ball
1-0: Ball
2-0: Ground out 4-3 (Groundball, 4)
Batting: RHB Fernando Miranda 0-0: Foul Ball, location: 2F
0-1: Ball
1-1: Foul Ball, location: 2F
1-2: SINGLE (Line Drive, 6MD)
Batting: RHB Fernando Díaz 0-0: Swinging Strike
0-1: Fly out, F9 (Flyball, 9LM)
Batting: SHB Javier Peña 0-0: Called Strike
0-1: Ball
1-1: Ball
2-1: Ball
3-1: DOUBLE (Groundball, 3L)
Fernando Miranda to third
Runner from 3rd tries for Home, SAFE, no throw or cutoff
Batting: RHB Andrés Lara 0-0: Ball
1-0: Swinging Strike
1-1: Called Strike
1-2: Ball
2-2: Strikes out swinging
Top of the 3rd over - 1 run(s), 2 hit(s), 0 error(s), 1 left on base; Lee's Summit 1 - Cincinnati 0
BOTTOM OF THE 3RD
Cincinnati Pride batting - Pitching for Lee's Summit Tigers : LHP Anthony Erickson
Batting: RHB Leonardo Pinto 0-0: Called Strike
0-1: SINGLE (Line Drive, 8LS)
Batting: RHB Gabriel Villegas 0-0: Ball
1-0: Ball
2-0: Called Strike
2-1: Called Strike
2-2: Foul Ball, location: 2F
2-2: Foul Ball, location: 2F
2-2: Foul Ball, location: 2F
2-2: Strikes out swinging
Leonardo Pinto steals 2nd base
Batter strikes out.
Batting: SHB Nick Marshall 0-0: Called Strike
0-1: Called Strike
0-2: Ball
1-2: Ball
2-2: Foul Ball, location: 2F
2-2: Ball
3-2: Base on Balls
Batting: RHB Peter Sexton 0-0: Called Strike
Leonardo Pinto steals 3rd base
Nick Marshall to second
0-1: Ground out 3-5 (Groundball, 3L)
Batting: RHB Fernando Díaz 0-0: Called Strike
0-1: Fly out, F4 (Popup, 4MD)
Bottom of the 3rd over - 0 run(s), 1 hit(s), 0 error(s), 2 left on base; Lee's Summit 1 - Cincinnati 0
TOP OF THE 4TH
Lee's Summit Tigers batting - Pitching for Cincinnati Pride : RHP Richard Edwards
Batting: SHB Martín Medina 0-0: Ball
1-0: Reached on Error, E8 (Flyball, 8LM)
Batting: RHB Ed Watkins 0-0: Ball
Martín Medina steals 2nd base
1-0: Foul Ball, location: 2F
1-1: Called Strike
1-2: Foul Ball, location: 2F
1-2: Ball
2-2: Strikes out swinging
Batting: LHB Cipriano Cruz 0-0: Ball
1-0: Ball
Martín Medina steals 3rd base
2-0: Called Strike
2-1: Ball
3-1: Foul Ball, location: 2F
3-2: Strikes out looking
Batting: RHB Carlos Flores 0-0: Ball
1-0: Swinging Strike
1-1: Foul Ball, location: 2F
1-2: Ball
2-2: Strikes out swinging
Top of the 4th over - 0 run(s), 0 hit(s), 1 error(s), 1 left on base; Lee's Summit 1 - Cincinnati 0
BOTTOM OF THE 4TH
Cincinnati Pride batting - Pitching for Lee's Summit Tigers : LHP Anthony Erickson
Batting: RHB Francisco Rincón 0-0: Called Strike
0-1: Ball
1-1: Foul Ball, location: 2F
1-2: Ball
2-2: DOUBLE (Line Drive, 9M)
Batting: RHB Roberto Chávez 0-0: Fly out, F6 (Popup, 6MD)
Batting: RHB Jonas Uttley 0-0: Ball
1-0: Ball
2-0: Ground out 6-3 (Groundball, 6M)
Francisco Rincón to third
Batting: RHB Richard Case 0-0: SINGLE (Line Drive, 9LM)
Francisco Rincón scores
Batting: RHB Leonardo Pinto 0-0: Ball
Richard Case steals 2nd base
1-0: Foul Ball, location: 2F
1-1: Foul Ball, location: 2F
1-2: Ball
2-2: Ball
3-2: Strikes out swinging
Bottom of the 4th over - 1 run(s), 2 hit(s), 0 error(s), 1 left on base; Lee's Summit 1 - Cincinnati 1
TOP OF THE 5TH
Lee's Summit Tigers batting - Pitching for Cincinnati Pride : RHP Richard Edwards
Batting: RHB António Gonzáles 0-0: SINGLE (Groundball, 56D)
Batting: RHB Fernando Miranda 0-0: Foul Ball, location: 2F
0-1: Foul Ball, location: 2F
0-2: Ball
1-2: Strikes out looking
Batting: RHB Fernando Díaz 0-0: Ball
1-0: Called Strike
1-1: Foul Ball, location: 2F
1-2: Strikes out looking
Batting: SHB Javier Peña 0-0: Called Strike
0-1: Ball
1-1: Ball
2-1: Called Strike
2-2: Strikes out swinging
Top of the 5th over - 0 run(s), 1 hit(s), 0 error(s), 1 left on base; Lee's Summit 1 - Cincinnati 1
BOTTOM OF THE 5TH
Cincinnati Pride batting - Pitching for Lee's Summit Tigers : LHP Anthony Erickson
Batting: RHB Gabriel Villegas 0-0: Foul Ball, location: 2F
0-1: Fly out, F4 (Popup, 4M)
Batting: SHB Nick Marshall 0-0: DOUBLE (Line Drive, 5L)
Batting: RHB Peter Sexton 0-0: Ball
1-0: SINGLE (Line Drive, 4MD)
Nick Marshall to third
Batting: RHB Fernando Díaz 0-0: Ball
1-0: Ball
2-0: Ball
3-0: Base on Balls
Peter Sexton to second
Batting: RHB Francisco Rincón 0-0: Grounds into double play, 4-6-3 (Groundball, 4)
Bottom of the 5th over - 0 run(s), 2 hit(s), 0 error(s), 2 left on base; Lee's Summit 1 - Cincinnati 1
TOP OF THE 6TH
Lee's Summit Tigers batting - Pitching for Cincinnati Pride : RHP Richard Edwards
Batting: RHB Andrés Lara 0-0: Ball
1-0: Ball
2-0: Ball
3-0: Called Strike
3-1: Base on Balls
Pitching: LHP Joseph Byrne
Batting: SHB Martín Medina 0-0: Ball
1-0: Ball
2-0: Called Strike
2-1: Fly out, F8 (Flyball, 8RXD)
Runner from 1st tags up, SAFE at 2nd
Batting: RHB Ed Watkins 0-0: Ball
1-0: Ball
2-0: Ball
3-0: Base on Balls
Batting: LHB Cipriano Cruz 0-0: Fly out, F2 (Popup, 2LF)
Batting: RHB Carlos Flores 0-0: Called Strike
0-1: Foul Ball, location: 2F
0-2: Ball
1-2: Strikes out swinging
Top of the 6th over - 0 run(s), 0 hit(s), 0 error(s), 2 left on base; Lee's Summit 1 - Cincinnati 1
BOTTOM OF THE 6TH
Cincinnati Pride batting - Pitching for Lee's Summit Tigers : LHP Anthony Erickson
Batting: RHB Roberto Chávez 0-0: Swinging Strike
0-1: Ball
1-1: Ball
2-1: Ball
3-1: Swinging Strike
3-2: Foul Ball, location: 2F
3-2: Strikes out looking
Batting: RHB Jonas Uttley 0-0: Foul Ball, location: 2F
0-1: Ball
1-1: Ball
2-1: Foul Ball, location: 2F
2-2: Ground out 3-1 (Groundball, 23)
Batting: RHB Richard Case 0-0: Called Strike
0-1: Ball
1-1: Called Strike
1-2: Ball
2-2: Foul Ball, location: 2F
2-2: Strikes out looking
Bottom of the 6th over - 0 run(s), 0 hit(s), 0 error(s), 0 left on base; Lee's Summit 1 - Cincinnati 1
TOP OF THE 7TH
Lee's Summit Tigers batting - Pitching for Cincinnati Pride : LHP Joseph Byrne
Batting: RHB António Gonzáles 0-0: Called Strike
0-1: Ball
1-1: Called Strike
1-2: Ball
2-2: Ball
3-2: Base on Balls
Pinch Hitting: RHB Desi Thompson 0-0: Sac Bunt - play at first, batter OUT! 1-4
António Gonzáles to second
Pinch Hitting: RHB Felipe Lópes 0-0: Called Strike
0-1: Ball
1-1: Ball
2-1: Swinging Strike
2-2: Strikes out looking
Batting: SHB Javier Peña 0-0: Called Strike
0-1: Ball
1-1: Ball
2-1: Ball
3-1: Called Strike
3-2: Strikes out swinging
Top of the 7th over - 0 run(s), 0 hit(s), 0 error(s), 1 left on base; Lee's Summit 1 - Cincinnati 1
BOTTOM OF THE 7TH
Cincinnati Pride batting - Pitching for Lee's Summit Tigers : LHP Anthony Erickson
Pitching: RHP Craig Adams
Now at 2B: Desi Thompson
Now at SS: Ramiro Martínez
Batting: RHB Leonardo Pinto 0-0: Ball
1-0: Ground out 4-3 (Groundball, 34)
Batting: RHB Gabriel Villegas 0-0: Ball
1-0: DOUBLE (Line Drive, 7LM)
Batting: SHB Nick Marshall 0-0: Intentional Walk
Batting: RHB Peter Sexton 0-0: Fielders Choice at 2nd, U4 (Groundball, 4M)
Gabriel Villegas to third
Batting: RHB Fernando Díaz 0-0: Ball
1-0: Called Strike
1-1: Ball
2-1: Ball
3-1: Called Strike
3-2: Strikes out swinging
Bottom of the 7th over - 0 run(s), 1 hit(s), 0 error(s), 2 left on base; Lee's Summit 1 - Cincinnati 1
TOP OF THE 8TH
Lee's Summit Tigers batting - Pitching for Cincinnati Pride : LHP Joseph Byrne
Pitching: RHP Manuel Jimenen
Batting: RHB Andrés Lara 0-0: Foul Ball, location: 2F
0-1: Ball
1-1: Swinging Strike
1-2: Foul Ball, location: 2F
1-2: Strikes out swinging
Batting: SHB Martín Medina 0-0: Foul Ball, location: 2F
0-1: Swinging Strike
0-2: Ball
1-2: Ball
2-2: Reached on error, E1 (Groundball, 13)
Pinch Hitting: LHB Alfredo Sánchez 0-0: Ball
1-0: Ball
Passed Ball!
Martín Medina to third
2-0: Called Strike
2-1: Called Strike
2-2: Foul Ball, location: 2F
2-2: Ball
3-2: Strikes out swinging
Batting: LHB Cipriano Cruz 0-0: Called Strike
0-1: Ball
1-1: Ball
2-1: Ball
3-1: Base on Balls
Batting: RHB Carlos Flores 0-0: Called Strike
0-1: Ball
1-1: Swinging Strike
1-2: Strikes out swinging
Top of the 8th over - 0 run(s), 0 hit(s), 1 error(s), 2 left on base; Lee's Summit 1 - Cincinnati 1
BOTTOM OF THE 8TH
Cincinnati Pride batting - Pitching for Lee's Summit Tigers : RHP Craig Adams
Now at 3B: Norberto Márquez
Batting: RHB Francisco Rincón 0-0: Ball
1-0: Called Strike
1-1: SINGLE (Groundball, 56D)
Pinch Runner at 1st Roger Clay:
Batting: RHB Roberto Chávez 0-0: Called Strike
0-1: Ball
1-1: Ball
2-1: Foul Ball, location: 2F
2-2: Ball
Passed Ball!
Roger Clay to second
3-2: SINGLE (Line Drive, 34D)
Roger Clay to third
Runner from 3rd tries for Home, SAFE, no throw or cutoff
Batting: RHB Jonas Uttley 0-0: Called Strike
Roberto Chávez is caught stealing 2nd base
0-1: Ground out 4-3 (Groundball, 4)
Batting: RHB Richard Case 0-0: Foul Ball, location: 2F
0-1: Swinging Strike
0-2: Foul Ball, location: 2F
0-2: Fly out, F8 (Flyball, 8LM)
Bottom of the 8th over - 1 run(s), 2 hit(s), 0 error(s), 0 left on base; Lee's Summit 1 - Cincinnati 2
TOP OF THE 9TH
Lee's Summit Tigers batting - Pitching for Cincinnati Pride : RHP Manuel Jimenen
Pitching: RHP Eusébio Lagarto
Now at 3B: Roger Clay
Batting: RHB António Gonzáles 0-0: Called Strike
0-1: Ball
1-1: Swinging Strike
1-2: Foul Ball, location: 2F
1-2: Strikes out swinging
Batting: RHB Desi Thompson 0-0: Called Strike
0-1: Foul Ball, location: 2F
0-2: Ground out 6-3 (Groundball, 6)
Batting: LHB Ramiro Martínez 0-0: Called Strike
0-1: Ball
1-1: Foul Ball, location: 2F
1-2: Foul Ball, location: 2F
1-2: Foul Ball, location: 2F
1-2: Strikes out looking
Top of the 9th over - 0 run(s), 0 hit(s), 0 error(s), 0 left on base; Lee's Summit 1 - Cincinnati 2
This league is powered by Out of the Park Baseball, the baseball management simulation game for PC, Mac and Linux
Wednesday, December 2nd, 2015 - OOTP Baseball 16.8 Build 38